 Dungeon Crawl Stone Soup version 0.23-a0-703-gdf2d5e0 (console) character file.

312 bli the Chopper (level 6, -4/48 HPs)
             Began as a Formicid Abyssal Knight on Jan 13, 2019.
             Was a Priest of Lugonu.
             Killed from afar by an orc wizard (5 damage)
             ... with a magic dart
             ... on level 4 of the Dungeon.
             The game lasted 00:12:14 (3501 turns).

bli the Chopper (Formicid Abyssal Knight)           Turns: 3501, Time: 00:12:16

Health: -4/48      AC:  5    Str: 18    XL:     6   Next: 71%
Magic:  7/7        EV: 14    Int: 12    God:    Lugonu [***...]
Gold:   42         SH:  0    Dex: 14    Spells: 5/5 levels left

rFire    . . .     SeeInvis +   a - +1 hand axe
rCold    + . .     Gourm    .   (no shield)
rNeg     . . .     Faith    .   y - +1 leather armour {rC+}
rPois    .         Spirit   .   (helmet unavailable)
rElec    .         Reflect  .   (no cloak)
rCorr    .         Harm     .   (no gloves)
MR       .....                  k - +0 pair of boots
Stlth    +.........             (no amulet)
HPRegen  0.16/turn              r - +4 ring of dexterity
MPRegen  0.10/turn              g - +3 ring of evasion

@: no status effects
A: permanent stasis, dig shafts and tunnels, four strong arms, antennae 3
a: Dig, Shaft Self, Depart the Abyss, Bend Space, Banish, Renounce Religion


You were on level 4 of the Dungeon.
You worshipped Lugonu.
Lugonu was most pleased with you.
You were not hungry.

You visited 1 branch of the dungeon, and saw 4 of its levels.
You visited the Abyss 1 time.

You collected 120 gold pieces.
You spent 78 gold pieces at shops.

Inventory:

Hand Weapons
 a - a +1 hand axe (weapon)
 m - a +0 whip
 v - a +0 hunting sling
 A - a +0 hunting sling
 B - a +0 quarterstaff
 C - a +0 broad axe
Missiles
 l - 92 stones (quivered)
Armour
 b - a +0 leather armour
 h - a +0 plate armour
 k - a +0 pair of boots (worn)
 y - a +1 leather armour of cold resistance (worn)
 z - a +0 scale mail
Jewellery
 g - a +3 ring of evasion (right hand)
 r - a +4 ring of dexterity (left hand)
 s - a +3 ring of protection {unknown}
Scrolls
 d - a scroll of enchant armour {unknown}
 e - 3 scrolls of brand weapon {unknown}
 f - 7 scrolls of identify {unknown}
 i - a scroll of remove curse {unknown}
 o - 2 scrolls of fear {unknown}
 x - a scroll of fog {unknown}
 D - a scroll of noise {unknown}
 E - a scroll of teleportation {unknown}
 G - a scroll of summoning {unknown}
Potions
 j - a potion of flight {unknown}
 n - a potion of invisibility {unknown}
 p - a potion of agility {unknown}
 q - a potion of berserk rage
 t - a potion of mutation {unknown}
 u - a potion of cancellation
 F - a potion of curing {unknown}
Comestibles
 c - 6 rations
 w - 4 chunks of flesh


   Skills:
 * Level 3.9 Fighting
 + Level 6.0 Axes
 + Level 2.8 Armour
 - Level 1.0 Dodging
 + Level 2.1 Invocations


You had 5 spell levels left.
You didn't know any spells.
Your spell library contained the following spells:

 Spells                   Type           Power        Failure   Level  Hunger
 Magic Dart               Conj           #...         36%         1    ##.....
 Call Imp                 Summ           #.......     52%         2    ###....
 Slow                     Hex            #.......     52%         2    ###....
 Conjure Flame            Conj/Fire      #.......     75%         3    ####...
 Mephitic Cloud           Conj/Pois/Air  #.......     75%         3    ####...
 Blink                    Tloc           Unusable     N/A         2    N/A

Dungeon Overview and Level Annotations

Branches:
Dungeon (4/15)
 Temple: D:4-7

Altars:
Elyvilon
Nemelex Xobeh
Uskayaw

Shops:
D:4 *


Innate Abilities, Weirdness & Mutations

You cannot be hasted, slowed, berserked, paralysed or teleported.
You can dig through walls and to a lower floor.
Your four strong arms can wield two-handed weapons with a shield.
You have a pair of large antennae on your head. (SInv)


Message History

The puff of flame misses you.
The orc priest looks encouraged for a moment.
The orc priest closely misses you.
The orc wizard mumbles some strange words.
The orc wizard seems to speed up.
You slash the orc wizard!
The orc wizard is heavily wounded.
You hit the orc priest. x2
The orc wizard hits you but does no damage.
The orc throws a tomahawk.
The tomahawk hits you.
* * * LOW HITPOINT WARNING * * *
The orc priest hits you with a +0 hand axe.
* * * LOW HITPOINT WARNING * * *
The orc priest closely misses you. The orc wizard closely misses you.
The orc wizard mumbles some strange words.
The orc wizard blinks!
It was a potion of cancellation.
You feel magically purged.
The orc wizard points at you and mumbles some strange words.
The magic dart hits you!
You die...

... ... .. ..##... ..#
..#(o§. .(# ....o..
#.####...)... #.##.#oo.....
#...o(....... #(#.o@....... {
#(.†.o....... .
#..#........... ...
##(.............. . ....
#................ ...
#..###..#.........#..# ..#
##.....÷.###.......#..# ...
........##........###.## ##..
..####......##....##...###..#
..##..P.P..##.#.###.........
......P∩P...................


You could see 3 orc priests, 2 orc wizards and 2 orcs.

Vanquished Creatures
  An ogre (D:4)
  A hound (D:4)
  2 worker ants
  6 adders
  An ooze (D:1)
  4 worms
  2 dart slugs
  6 leopard geckos
  2 giant cockroaches
  3 goblins (D:3)
  4 hobgoblins
  13 jackals
  10 kobolds
  2 quokkas
  5 bats
  8 frilled lizards
  A leopard gecko skeleton (D:4)
  11 rats
  A bush (D:1)
  2 plants (D:1)
85 creatures vanquished.

Vanquished Creatures (others)
  A plant (D:1)
1 creature vanquished.

Grand Total: 86 creatures vanquished

Notes
Turn   | Place    | Note
-------+----------+-------------------------------------------
     0 | Abyss:1  | bli the Formicid Abyssal Knight began the quest for the
                  | Orb.
     0 | Abyss:1  | Reached XP level 1. HP: 18/18 MP: 2/2
    90 | Abyss:1  | Noticed a chaos spawn
   179 | Abyss:2  | Noticed a catoblepas zombie
   196 | Abyss:2  | Noticed an ancient zyme
   200 | D:1      | Escaped the Abyss
   293 | D:1      | Reached XP level 2. HP: 10/24 MP: 3/3
   296 | D:1      | Reached * piety under Lugonu
   566 | D:1      | Reached skill level 3 in Axes
   712 | D:1      | Reached XP level 3. HP: 21/29 MP: 4/4
   716 | D:1      | Reached skill level 1 in Dodging
  1478 | D:2      | Reached skill level 4 in Axes
  1478 | D:2      | Reached XP level 4. HP: 23/35 MP: 5/5
  1583 | D:2      | Reached ** piety under Lugonu
  1965 | D:2      | Found a hide-covered altar of Uskayaw.
  1965 | D:2      | Found a white marble altar of Elyvilon.
  2476 | D:3      | Reached XP level 5. HP: 41/41 MP: 6/6
  2950 | D:3      | Found a sparkling altar of Nemelex Xobeh.
  3055 | D:3      | Reached skill level 5 in Axes
  3252 | D:4      | Noticed an ogre
  3263 | D:4      | Killed an ogre
  3263 | D:4      | Reached XP level 6. HP: 35/48 MP: 7/7
  3411 | D:4      | Reached skill level 6 in Axes
  3456 | D:4      | Found Jijeoz's Assorted Antiques.
  3465 | D:4      | Bought a fizzy inky potion for 25 gold pieces
  3465 | D:4      | Bought a scroll labeled CIOCKE LUSOH for 28 gold pieces
  3465 | D:4      | Bought a sapphire potion for 25 gold pieces
  3486 | D:4      | Reached *** piety under Lugonu
  3500 | D:4      | HP: 2/48 [orc/tomahawk (1)]
  3501 | D:4      | Killed from afar by an orc wizard

Vault maps used:
D:1:      psy_arrival_radial01, st_stairs_4, lexackson_kobold_supper
D:2:      gammafunk_temple_overflow_pools
D:3:      nemelex_xobeh_ov_fountains_minmay
D:4:      first_ration, serial_shops, nicolae_shop_overgrown_old_shop

Skill      XL: |  1  2  3  4  5  6 |
---------------+-------------------+-----
Axes           | 3 4 5 6 |  6.0
Dodging        | 1 |  1.0
Fighting       | |  3.9
Armour         | |  2.8
Invocations    | |  2.1

Action                   |  1- 3 |  4- 6 || total
-------------------------+-------+-------++-------
Melee: Hand axe          |   307 |   202 ||   509
 Fire: Hunting sling     |       |     3 ||     3
Throw: Stone             |     5 |    22 ||    27
Invok: Depart the Abyss  |     1 |       ||     1
 Abil: Dig               |       |     2 ||     2
  Use: Potion            |       |     2 ||     2
 Stab: Sleeping          |       |     2 ||     2
  Eat: Chunk             |     3 |     6 ||     9
Armor: Leather armour    |    53 |    45 ||    98
Dodge: Dodged            |   103 |   145 ||   248

Table legend:
 A = Non-vault XP
 B = Vault XP
 C = Vault XP percentage of total XP
 D = Non-vault monster count
 E = Vault monster count
 F = Vault count percentage of total count
                 A         B        C        D         E       F
            +---------+---------+-------+---------+---------+-------
      Total |     429 |      18 |   4.0 |      72 |      10 |  12.2
            +---------+---------+-------+---------+---------+-------
        D:1 |      42 |      17 |  28.8 |      23 |       9 |  28.1
        D:2 |      69 |       1 |   1.4 |      22 |       1 |   4.3
        D:3 |     106 |       0 |   0.0 |      20 |       0 |   0.0
        D:4 |     212 |       0 |   0.0 |       7 |       0 |   0.0
            +---------+---------+-------+---------+---------+-------
